 Dungeon Crawl Stone Soup version 0.21-a0-513-gdcb3f5e (webtiles) character file.

545 slep the Chopper (level 7, 0/52 HPs)
             Began as a Barachi Gladiator on Dec 1, 2017.
             Succumbed to a worker ant's poison
             ... on level 4 of the Dungeon.
             The game lasted 00:09:58 (2599 turns).

slep the Chopper (Barachi Gladiator)                Turns: 2599, Time: 00:09:59

Health: 0/52       AC:  7    Str: 16    XL:     7   Next: 27%
Magic:  7/7        EV: 13    Int:  9    God:
Gold:   135        SH:  0    Dex: 14    Spells: 6/6 levels left

rFire    . . .     SeeInvis .   a - +0 war axe
rCold    . . .     Gourm    .   (no shield)
rNeg     . . .     Faith    .   i - +0 ring mail
rPois    .         Spirit   .   c - +0 helmet
rElec    .         Reflect  .   (no cloak)
rCorr    .         Harm     .   (no gloves)
MR       .....     Rnd*Tele +   (no boots)
Stlth    +.........             (no amulet)
HPRegen  0.17/turn              p - ring of teleportation (curse)
MPRegen  0.10/turn              (no ring)

@: lethally poisoned (0 -> -5), slow
A: +LOS, swims, slowness 1, strong legs 1
a: Hop


You were on level 4 of the Dungeon.
You were not hungry.

You visited 1 branch of the dungeon, and saw 4 of its levels.

You collected 135 gold pieces.

Inventory:

Hand Weapons
 a - a +0 war axe (weapon)
 h - a +0 blowgun
 x - a cursed -1 flail
Missiles
 d - 3 throwing nets (quivered)
 j - 11 poisoned needles
 u - 3 curare-tipped needles
Armour
 b - a +0 leather armour
 c - a +0 helmet (worn)
 i - a +0 ring mail (worn)
Jewellery
 p - a cursed ring of teleportation (left hand)
Scrolls
 e - a scroll of amnesia {unknown}
 g - a scroll of noise {unknown}
 k - a scroll of enchant weapon {unknown}
 l - a scroll of magic mapping {unknown}
 m - 5 scrolls of identify {unknown}
 q - a scroll of immolation {unknown}
 w - a scroll of random uselessness {unknown}
Potions
 s - a potion of heal wounds {unknown}
 t - a potion of brilliance {unknown}
 v - a potion of flight {unknown}
Comestibles
 f - 3 bread rations
 n - 7 fruits
 o - a royal jelly
 r - 4 chunks of flesh


   Skills:
 + Level 3.5 Fighting
 + Level 6.3 Axes
 + Level 2.0 Throwing
 + Level 3.9 Armour
 + Level 5.3 Dodging


You had 6 spell levels left.
You didn't know any spells.

Dungeon Overview and Level Annotations

Branches:
Dungeon (4/15)
 Temple: D:4-7

Altars:
Cheibriados
Makhleb


Innate Abilities, Weirdness & Mutations

Shadows flee at your approach. (+LOS)
You can swim through water.
You cover ground slowly.
You can hop short distances.


Message History

* * * LOW HITPOINT WARNING * * *
You are lethally poisoned!
The worker ant poisons you! The worker ant closely misses you.
You closely miss the worker ant.
The worker ant is moderately wounded.
* * * LOW HITPOINT WARNING * * *
You feel sick. The worker ant closely misses you.
You slash the worker ant!
The worker ant is severely wounded.
* * * LOW HITPOINT WARNING * * *
You feel sick. The worker ant closely misses you.
The worker ant bites you but does no damage.
You slash the worker ant!
You kill the worker ant!
* * * LOW HITPOINT WARNING * * *
You feel sick.
* * * LOW HITPOINT WARNING * * *
You feel sick.
You see here a worker ant corpse.
You die...

#......# #......#
#......# #......#
#......# + +....).# #. .#
#...##....))#####. .#####
!.......†.......+...+....
########@####..##...#####
#.# #..# ...#.. # ...
#..##...#.#.# ###.#
#.........#.# .#
#...#####...# ..
#...#####.### ..
#............
...#).######.### .#.#))#
#.......


There were no monsters in sight!

Vanquished Creatures
  The ghost of DarkHelmet the Slasher, an amateur DsMo (D:3)
  A centaur zombie (D:3)
  2 orc priests (D:4)
  Jessica (D:2)
  4 orc wizards (D:4)
  3 worker ants (D:4)
  Robin (D:2)
  5 adders (D:3)
  3 oozes
  A worm (D:3)
  2 dart slugs
  A leopard gecko (D:2)
  6 orcs (D:4)
  5 giant cockroaches
  10 goblins
  13 hobgoblins
  4 jackals (D:4)
  2 quokkas (D:2)
  9 bats
  6 frilled lizards
  8 kobolds
  8 rats
96 creatures vanquished.

Notes
Turn   | Place    | Note
-------+----------+-------------------------------------------
     0 | D:1      | slep the Barachi Gladiator began the quest for the Orb.
     0 | D:1      | Reached XP level 1. HP: 17/17 MP: 1/1
   136 | D:1      | Reached XP level 2. HP: 23/23 MP: 2/2
   390 | D:1      | Reached XP level 3. HP: 22/28 MP: 3/3
   397 | D:1      | Reached skill level 4 in Axes
   792 | D:2      | Found a burning altar of Makhleb.
   877 | D:2      | Noticed Robin
   878 | D:2      | Reached skill level 1 in Armour
   888 | D:2      | Killed Robin
   888 | D:2      | Reached XP level 4. HP: 25/34 MP: 4/4
  1151 | D:2      | Noticed Jessica
  1158 | D:2      | Killed Jessica
  1514 | D:3      | Found a snail-covered altar of Cheibriados.
  1531 | D:3      | Noticed DarkHelmet's ghost (amateur DsMo)
  1533 | D:3      | Reached XP level 5. HP: 6/40 MP: 5/5
  1548 | D:2      | HP: 2/40 [poisoned by an adder]
  2004 | D:3      | Reached skill level 5 in Axes
  2029 | D:3      | HP: 2/40 [poisoned by a kobold]
  2188 | D:3      | Killed DarkHelmet's ghost
  2188 | D:3      | Reached XP level 6. HP: 33/47 MP: 6/6
  2405 | D:4      | Reached skill level 5 in Dodging
  2522 | D:4      | Reached skill level 6 in Axes
  2522 | D:4      | Reached XP level 7. HP: 42/52 MP: 7/7
  2597 | D:4      | HP: 2/52 [poisoned by a worker ant]
  2599 | D:4      | Succumbed to a worker ant's poison

Vault maps used:
D:1:      ncdulo_lavacross
D:2:      bloody_makhleb, uniq_robin, uniq_jessica
D:3:      kennysheep_big_flooded_room, minmay_door_square, cheibriados_altar_1
D:4:      first_bread

Skill      XL: |  1  2  3  4  5  6 |
---------------+-------------------+-----
Axes           | 4 5 6 |  6.3
Armour         | 1 2 3 |  3.9
Dodging        | 4 5 |  5.3
Fighting       | 3 |  3.5
Throwing       | |  2.0

Action                   |  1- 3 |  4- 6 |  7- 9 || total
-------------------------+-------+-------+-------++-------
Melee: War axe           |   109 |   168 |    32 ||   309
  Use: Potion            |       |     4 |       ||     4
  Eat: Chunk             |       |     7 |       ||     7
Armor: Leather armour    |     3 |       |       ||     3
       Ring mail         |    46 |    81 |     8 ||   135
Dodge: Dodged            |    87 |   165 |    21 ||   273

Table legend:
 A = Spawn XP
 B = Non-spawn XP
 C = Spawn XP percentage of total XP
 D = Spawn monster count
 E = Non-spawn monster count
 F = Spawn count percentage of total count
 G = Total turns spent on level
                    A         B        C        D         E        F      G
               +---------+---------+-------+---------+---------+-------+---------
         Total |       0 |     779 |   0.0 |       0 |      96 |   0.0 |  2599
               +---------+---------+-------+---------+---------+-------+---------
           D:1 |       0 |      42 |   0.0 |       0 |      24 |   0.0 |   659
           D:2 |       0 |     106 |   0.0 |       0 |      30 |   0.0 |  1168
           D:3 |       0 |     255 |   0.0 |       0 |      21 |   0.0 |   530
           D:4 |       0 |     376 |   0.0 |       0 |      21 |   0.0 |   242
               +---------+---------+-------+---------+---------+-------+---------
